 Dungeon Crawl Stone Soup version 0.21.1-1-g345015f (webtiles) character file.

441 kae the Chopper (level 7, -3/61 HPs)
             Began as a Hill Orc Fighter on May 30, 2018.
             Slain by an ogre
             ... wielding a +0 giant spiked club
              (27 damage)
             ... on level 4 of the Dungeon.
             The game lasted 00:03:48 (4207 turns).

kae the Chopper (Hill Orc Fighter)                  Turns: 4207, Time: 00:03:49

Health: -3/61      AC:  7    Str: 20    XL:     7   Next: 2%
Magic:  7/7        EV:  8    Int:  8    God:
Gold:   218        SH:  9    Dex: 11    Spells: 6/6 levels left

rFire    . . .     SeeInvis .   a - +0 war axe
rCold    . . .     Gourm    .   c - +0 shield
rNeg     . . .     Faith    .   b - +0 scale mail
rPois    .         Spirit   .   (no helmet)
rElec    .         Reflect  .   (no cloak)
rCorr    .         Harm     .   (no gloves)
MR       .....                  (no boots)
Stlth    ..........             (no amulet)
HPRegen  0.20/turn              o - ring of wizardry
MPRegen  0.10/turn              (no ring)

@: no status effects
A: no striking features
a: no special abilities


You were on level 4 of the Dungeon.
You were hungry.

You visited 1 branch of the dungeon, and saw 4 of its levels.
You also visited: Sewer.

You collected 218 gold pieces.

Inventory:

Hand Weapons
 a - a +0 war axe (weapon)
Armour
 b - a +0 scale mail (worn)
 c - a +0 shield (worn)
Jewellery
 g - a +4 amulet of reflection
 o - a ring of wizardry (left hand)
Wands
 q - a wand of flame (20)
Scrolls
 e - 9 scrolls of teleportation
 i - 3 scrolls of identify
 j - a scroll of remove curse
 n - a scroll of immolation
Potions
 d - 5 potions of might
 l - a potion of mutation
 m - a potion of lignification
 p - a potion of agility
 r - 4 potions of degeneration
 s - a potion of flight
 t - a potion of invisibility
Comestibles
 f - 4 rations


   Skills:
 + Level 5.1 Fighting
 * Level 6.4 Axes
 + Level 4.7 Armour
 + Level 2.2 Dodging
 - Level 3.2 Shields


You had 6 spell levels left.
You didn't know any spells.

Dungeon Overview and Level Annotations

Branches:
Dungeon (4/15)
 Temple: D:4-7

Altars:
Nemelex Xobeh


Message History

You slash the ogre!
The ogre is heavily wounded.
You hit the ogre but do no damage.
The ogre is heavily wounded.
You block the ogre's attack.
You slash the ogre!
The ogre is severely wounded.
The ogre barely misses you.
Your shield and scale mail prevent you from hitting the ogre.
The ogre is severely wounded.
The ogre hits you with a giant spiked club!
You are too injured to fight recklessly!
You are too injured to fight recklessly!
You are too injured to fight recklessly!
You are too injured to fight recklessly!
An ogre is nearby!
You hit the ogre.
The ogre is severely wounded.
The ogre hits you with a giant spiked club!!
You die...

### ..# ##. ###.#
#.. ..#.# #..####
#.#.# #..>..# #.#.#
#...#.###.#O#
#......##.#@######
#..................
#.......#.#........
.
#...###.#.###.##...
. #...# #.#.# ...
.. #.#...# #....
..... ###.#...#
#.#.# #.#.
......#.###.#.. <.
###......##.####


You could see an ogre.

Vanquished Creatures
  A big kobold (D:4)
  A bullfrog skeleton (D:4)
  An orc priest (D:3)
  A hound (D:4)
  An iguana (D:4)
  A worker ant (D:4)
  10 adders
  5 oozes
  4 worms
  2 dart slugs
  3 leopard geckos
  3 orcs (D:3)
  5 giant cockroaches
  5 hobgoblins
  7 jackals
  A quokka (D:2)
  3 ball pythons
  7 bats
  9 frilled lizards
  7 goblins
  A jackal skeleton (D:4)
  26 kobolds
  6 rats
  4 plants (D:4)
114 creatures vanquished.

Vanquished Creatures (others)
  2 plants (D:4)
2 creatures vanquished.

Grand Total: 116 creatures vanquished

Notes
Turn   | Place    | Note
-------+----------+-------------------------------------------
     0 | D:1      | kae the Hill Orc Fighter began the quest for the Orb.
     0 | D:1      | Reached XP level 1. HP: 19/19 MP: 1/1
    41 | D:1      | Reached skill level 3 in Axes
    72 | D:1      | Reached XP level 2. HP: 27/27 MP: 2/2
   555 | D:2      | Reached XP level 3. HP: 33/33 MP: 3/3
   735 | D:2      | Reached skill level 1 in Dodging
   856 | D:2      | Reached skill level 4 in Axes
  1111 | D:2      | Reached XP level 4. HP: 34/40 MP: 4/4
  1173 | D:2      | Found a sparkling altar of Nemelex Xobeh.
  1364 | D:3      | Found a glowing drain.
  1406 | D:3      | Reached XP level 5. HP: 30/47 MP: 5/5
  1424 | Sewer    | Entered a sewer
  1795 | Sewer    | Reached skill level 5 in Axes
  3141 | D:3      | Reached XP level 6. HP: 53/53 MP: 6/6
  3815 | D:4      | Reached skill level 5 in Fighting
  3815 | D:4      | Reached skill level 6 in Axes
  4177 | D:4      | Reached XP level 7. HP: 50/61 MP: 7/7
  4207 | D:4      | Slain by an ogre

Skill      XL: |  1  2  3  4  5  6 |
---------------+-------------------+-----
Axes           | 3 4 5 6 |  6.4
Fighting       | 4 5 |  5.1
Dodging        | 1 2 |  2.2
Armour         | 4 |  4.7
Shields        | |  3.2

Action                   |  1- 3 |  4- 6 |  7- 9 || total
-------------------------+-------+-------+-------++-------
Melee: War axe           |   116 |   283 |     7 ||   406
  Use: Scroll            |       |    14 |       ||    14
       Potion            |       |     1 |       ||     1
  Eat: Chunk             |     1 |    10 |       ||    11
Armor: Scale mail        |    52 |   161 |     1 ||   214
Dodge: Dodged            |    43 |   125 |     1 ||   169
Block: Shield            |    72 |   168 |     1 ||   241
